 Dungeon Crawl Stone Soup version 0.30.0-29-ga12c61a403 (webtiles) character file.

Game seed: 2859335277687201038

77 qw the Chopper (level 4, -3/28 HPs)
             Began as a Gargoyle Fighter on June 6, 2023.
             Slain by Sigmund
             ... wielding a +0 scythe
              (9 damage)
             ... on level 3 of the Dungeon.
             The game lasted 00:00:51 (1766 turns).

qw the Chopper (Gargoyle Fighter)                   Turns: 1766, Time: 00:00:51

Health: -3/28      AC: 12    Str: 19 (21) XL:     4   Next: 34%
Magic:  4/4        EV:  7    Int:  7 (9)  God:
Gold:   134        SH:  4    Dex:  6 (9)  Spells: 3/3 levels left

rFire   . . .        Y - +0 war axe
rCold   . . .        c - +0 buckler
rNeg    + . .        i - +0 chain mail
rPois   inf          (no helmet)
rElec   +            (no cloak)
rCorr   .            (no gloves)
SInv    .            (no boots)
Will    .....        (no amulet) Stlth
                     (no ring)
HPRegen 0.24/turn    (no ring)
MPRegen 0.09/turn

%: no passive effects
@: no status effects
A: sickness immunity, AC +3, negative energy resistance 1, electricity
resistance, torment resistance 1, petrification resistance
a: no special abilities


You were on level 3 of the Dungeon.
You visited 1 branch of the dungeon, and saw 3 of its levels.

You collected 134 gold pieces.


Innate Abilities, Weirdness & Mutations

You are immune to sickness and miasma.
Your stone body is resilient. (AC +3)
You are immune to poison.
You resist negative energy. (rN+)
You are resistant to electric shocks. (rElec)
You are resistant to unholy torment.
You are immune to petrification.


   Skills:
 - Level 3.2 Fighting
 + Level 4.1 Axes
 - Level 3.2 Armour
 - Level 3.2 Shields


You had 3 spell levels left.
You didn't know any spells.
Your spell library was empty.

Inventory:

Hand Weapons
 g - a +0 club
 Y - a +0 war axe (weapon)
Armour
 c - a +0 buckler (worn)
 i - a +0 chain mail (worn)
Potions
 b - 2 potions of heal wounds {unknown}
 d - a potion of might
 e - a potion of brilliance {unknown}
 f - a potion of cancellation {unknown}
 j - a potion of mutation {unknown}
 k - a potion of curing {unknown}

Dungeon Overview and Level Annotations

Branches:
Dungeon (3/15)

Altars:

Annotations:
D:3 Sigmund


Message History

The frilled lizard hisses angrily.
You hit the rat.
You kill the rat!
You closely miss the frilled lizard.
The frilled lizard bites you but does no damage.
You closely miss the frilled lizard.
The frilled lizard bites you but does no damage.
You slash the frilled lizard!
You kill the frilled lizard!
Sigmund the Dreaded comes into view.
He is wielding a +0 scythe.
Sigmund shouts!
Sigmund barely misses you.
You see here 16 gold pieces.
You closely miss Sigmund. Sigmund hits you with a +0 scythe!
You hit Sigmund.
Sigmund is lightly wounded.
Sigmund barely misses you.
You closely miss Sigmund.
Sigmund is lightly wounded.
Sigmund hits you with a +0 scythe.
You closely miss Sigmund.
Sigmund is lightly wounded.
Sigmund casts a spell.
Sigmund flickers and vanishes!
Deactivating autopickup; reactivate with Ctrl-A.
You miss something. Something hits you!
You barely miss something. Something hits you but does no damage.
You slash something! Something hits you but does no damage.
You hit something. Something hits you.
You barely miss something. Something hits you but does no damage.
You miss something. You closely miss something. Something hits you!
You die...

.... #%>#
#..# ##.#
..###.##
#.#.##
#.## #.#
### #.#
.....###.#
......{@.#
##########


There were no monsters in sight!

Vanquished Creatures
  Ijyb (D:2)
  3 dart slugs
  8 bats
  3 endoplasms (D:1)
  2 giant cockroaches
  4 goblins (D:1)
  6 hobgoblins
  3 kobolds (D:1)
  4 quokkas
  3 ball pythons
  3 frilled lizards
  5 rats
45 creatures vanquished.

Notes
Turn   | Place    | Note
-------+----------+-------------------------------------------
     0 | D:1      | qw the Gargoyle Fighter began the quest for the Orb.
     0 | D:1      | Reached XP level 1. HP: 14/14 MP: 1/1
     0 | D:1      | 0 ||| qw: Version: 0.2-a-108-gee2c290
     0 | D:1      | 0 ||| qw: Game counter: 1518
     0 | D:1      | 0 ||| qw: Always use a shield: true
     0 | D:1      | 0 ||| qw: God list: Okawaru
     0 | D:1      | 0 ||| qw: Allow faded altars: false
     0 | D:1      | 0 ||| qw: Do Orc after D:15 true
     0 | D:1      | 0 ||| qw: Do second Lair branch before Depths: true
     0 | D:1      | 0 ||| qw: Lair rune preference: random
     0 | D:1      | 0 ||| qw: Plans: Normal, Zot:1-4, Slime:5, God:TSO, Crypt,
                  | Tomb, Abyss, Pan, Hells, Win
     0 | D:1      | 0 ||| PLANNING D:1-11
    77 | D:1      | Reached skill level 2 in Axes
   157 | D:1      | Reached XP level 2. HP: 19/19 MP: 2/2
   363 | D:1      | Reached skill level 3 in Axes
   370 | D:1      | Found a faded altar of an unknown god.
   416 | D:1      | 416 ||| Stepping ~*~*~tactically~*~*~ (stealth).
   419 | D:1      | 419 ||| Stepping ~*~*~tactically~*~*~ (hiding).
   428 | D:1      | Reached XP level 3. HP: 21/23 MP: 3/3
   792 | D:1      | 792 ||| UPGRADING to +0 chain mail.
   802 | D:1      | 802 ||| DROPPING +0 scale mail.
   803 | D:1      | 803 ||| READING scroll labelled PIPUHA MAHURPH.
   807 | D:1      | 807 ||| DRINKING 2 amethyst potions.
   808 | D:1      | 808 ||| DROPPING potion of degeneration.
  1395 | D:2      | Identified the staff of poison "Giasm" {rPois rF+ rN+}
  1523 | D:2      | 1523 ||| READING scroll labelled KEEKKYAWNY.
  1524 | D:2      | 1524 ||| READING scroll labelled TEUCWU KEFFOAS.
  1548 | D:3      | Noticed Ijyb
  1549 | D:3      | 1549 ||| Stepping ~*~*~tactically~*~*~ (hiding).
  1557 | D:3      | 1557 ||| STAIRDANCE
  1560 | D:2      | HP: 1/23 [Ijyb/puff of flame (6)]
  1564 | D:2      | Killed Ijyb
  1565 | D:2      | Reached skill level 4 in Axes
  1565 | D:2      | Reached XP level 4. HP: 3/28 MP: 4/4
  1754 | D:3      | Noticed Sigmund
  1763 | D:3      | HP: 5/28 [something (6)]
  1766 | D:3      | Slain by Sigmund

Levels and vault maps discovered:
D:1:      ncdulo_halloftheorcs, layout_basic,
          shapermc_ecumenical_altar_acropolis, kennysheep_doodads
D:2:      layout_loops_ring, chequers_serial_rivers_micro_c
D:3:      layout_loops_ring, uniq_sigmund, uniq_ijyb

Skill      XL: |  1  2  3 |
---------------+----------+-----
Axes           | 2 3 4 |  4.1
Fighting       | |  3.2
Armour         | |  3.2
Shields        | |  3.2

Action                     |  1- 3 |  4- 6 || total
---------------------------+-------+-------++-------
  Melee: War axe           |   110 |    18 ||   128
    Use: Scroll            |     3 |       ||     3
         Potion            |     1 |       ||     1
 Armour: Scale mail        |    37 |       ||    37
         Chain mail        |    38 |     5 ||    43
  Dodge: Dodged            |    41 |     3 ||    44
  Block: Buckler           |    24 |     2 ||    26

Table legend:
 A = Non-vault XP
 B = Vault XP
 C = Vault XP percentage of total XP
 D = Non-vault monster count
 E = Vault monster count
 F = Vault count percentage of total count
                 A         B        C        D         E       F
            +---------+---------+-------+---------+---------+-------
      Total |      75 |      36 |  32.4 |      44 |       1 |   2.2
            +---------+---------+-------+---------+---------+-------
        D:1 |      48 |       0 |   0.0 |      26 |       0 |   0.0
        D:2 |      25 |      36 |  59.0 |      16 |       1 |   5.9
        D:3 |       2 |       0 |   0.0 |       2 |       0 |   0.0
            +---------+---------+-------+---------+---------+-------
